 Dungeon Crawl Stone Soup version 0.20.0-4-g10b340a (webtiles) character file.

3684 greprep the Slasher (level 9, -8/89 HPs)
             Began as a Troll Fighter on May 26, 2017.
             Was a Priest of Ashenzari.
             Mangled by a seven-headed hydra (15 damage)
             ... on level 8 of the Dungeon on May 27, 2017.
             The game lasted 00:23:03 (7076 turns).

greprep the Slasher (Troll Fighter)                 Turns: 7076, Time: 00:23:04

Health: -8/89      AC:  8    Str: 27    XL:     9   Next: 90%
Magic:  8/8        EV: 11    Int:  4    God:    Ashenzari [***...]
Gold:   379        SH: 11    Dex: 11    Spells: 8/8 levels left

rFire    . . .     SeeInvis +   a - +0 long sword (curse)
rCold    + . .     Gourm    +   c - +0 shield (curse)
rNeg     . . .     Faith    .   K - +2 robe {rC+}
rPois    +         Spirit   .   (helmet restricted)
rElec    .         Reflect  .   J - +0 cloak
rCorr    .         Harm     .   (gloves unavailable)
MR       .....                  (boots unavailable)
Stlth    +.........             B - amulet of regeneration
Regen    1.1/turn               u - ring of poison resistance (curse)
MPRegen  0.2/turn               (no ring)

@: no status effects
A: unfitting armour, claws 3, fast metabolism 3, gourmand, regeneration 1,
shaggy fur 1, tough skin 2
a: Curse Item, Scrying, Renounce Religion


You were on level 8 of the Dungeon.
You worshipped Ashenzari.
Ashenzari was most pleased with you.
You were not hungry.

You visited 1 branch of the dungeon, and saw 8 of its levels.

You collected 379 gold pieces.

Inventory:

Hand Weapons
 a - a cursed +0 long sword (weapon)
 s - a +2 hand axe of flaming
 F - a +0 long sword of holy wrath
Armour
 b - a +0 robe
 c - a cursed +0 shield (worn)
 J - a +0 cloak (worn)
 K - a +2 robe of cold resistance (worn)
Jewellery
 u - a cursed ring of poison resistance (left claw)
 y - an uncursed ring of fire
 B - an amulet of regeneration (around neck)
 C - an uncursed ring of stealth
 I - an uncursed ring of fire
Scrolls
 e - 3 scrolls of fear {unknown}
 g - a scroll of immolation {unknown}
 j - 7 scrolls of identify {unknown}
 k - 2 scrolls of enchant armour {unknown}
 m - 5 scrolls of recharging {unknown}
 p - 5 scrolls of teleportation {unknown}
 q - 5 scrolls of random uselessness {unknown}
 r - a scroll of fog {unknown}
 v - 2 scrolls of magic mapping {unknown}
 A - a scroll of amnesia {unknown}
 H - 2 scrolls of summoning {unknown}
 M - 2 scrolls of remove curse
 N - a scroll of blinking {unknown}
Potions
 d - 6 potions of might
 f - 2 potions of agility {unknown}
 l - 3 potions of magic {unknown}
 n - 6 potions of curing
 o - 2 potions of resistance {unknown}
 t - a potion of brilliance {unknown}
 w - a potion of flight {unknown}
 x - a potion of mutation {unknown}
 z - 2 potions of berserk rage {unknown}
 L - a potion of lignification {unknown}
Books
 G - the Tome of Poisoning and Earth
   (You found it on level 7 of the Dungeon)

   Spells                             Type                      Level
   a - Poisonous Vapours              Poison/Air                   2
   b - Mephitic Cloud                 Conjuration/Poison/Air       3
   c - Ignite Poison                  Fire/Transmutation/Poison    3
   d - Bolt of Magma                  Conjuration/Fire/Earth       5
   e - Iron Shot                      Conjuration/Earth            6
Comestibles
 h - 20 fruits
 i - 5 meat rations
 D - 2 bread rations
 E - 6 royal jellies


   Skills:
 * Level 6.0 Fighting
 + Level 7.7(10.6) Long Blades
 + Level 5.8 Dodging
 - Level 0.5 Stealth
 + Level 5.6(7.5) Shields


You had 8 spell levels left.
You didn't know any spells.

Dungeon Overview and Level Annotations

Branches:
Dungeon (8/15)             Temple (0/1) D:5            Lair (0/6) D:8

Altars:
Ashenzari
Dithmenos
Fedhas
Gozag
Hepliaklqana
Kikubaaqudgha
Makhleb
Okawaru
Qazlal
Ru
Xom
Zin


Innate Abilities, Weirdness & Mutations

You are too large for most types of armour.
You have claws for hands.
Your metabolism is lightning-fast.
You like to eat raw meat.
Your natural rate of healing is unusually fast.
You are covered in fur. (AC +1)
You have very tough skin. (AC +2)


Message History

You block the seven-headed hydra's attack. x2
The seven-headed hydra bites you!
* * * LOW HITPOINT WARNING * * *
You block the seven-headed hydra's attack.
The seven-headed hydra bites you but does no damage.
There is an open gate, spattered with blood here.
You see here a +2 hand axe of flaming.
s - a +2 hand axe of flaming The seven-headed hydra bites you but does no damage.
The seven-headed hydra bites you.
The seven-headed hydra bites you but does no damage.
The seven-headed hydra bites you.
* * * LOW HITPOINT WARNING * * *
The seven-headed hydra bites you!
* * * LOW HITPOINT WARNING * * *
You block the seven-headed hydra's attack.
The seven-headed hydra bites you.
* * * LOW HITPOINT WARNING * * *
The seven-headed hydra bites you!
You die...

, ....## * # * #.#.. * **
*** , # #... ,,, ,, ,, #
#####..#* * * ########## #
...##(.# # #PP≈P.+).# #
.#.##..##.# ####P≈≈≈≈#.%# #
..........# #..#≈.P≈P##'# #
#.###..#### #..#.....#..# #
#.# #..#
#.@DK....'..#######
#.###..#
#.##..P..'..#......
#..##..#
#.##≈....'..#######
#<..#..########.##.....#..#
##.##...........###########
#.###.#######..# *** *
##.###.#.........>...#,
.†..............####?. ,
...###.#.#####.## ,


You could see a seven-headed hydra and a big kobold.

Vanquished Creatures
  Pikel (D:8)
  A hippogriff (D:8)
  2 dream sheep (D:8)
  2 yaks (D:8)
  An orc warrior (D:6)
  2 ogres (D:4)
  2 slaves (D:8)
  A sky beast (D:8)
  2 centaurs
  2 big kobolds (D:8)
  4 bullfrogs
  5 scorpions
  A water moccasin skeleton (D:5)
  3 crimson imps
  5 hounds
  6 orc wizards
  5 orc priests
  A gnoll shaman (D:6)
  Jessica (D:2)
  2 bullfrog skeletons
  2 iguanas
  3 worker ants
  15 gnolls
  17 adders
  A shadow imp (D:7)
  A white imp (D:4)
  An ooze (D:1)
  An adder zombie (D:5)
  An adder skeleton (D:7)
  4 worms
  A dart slug (D:1)
  5 leopard geckos
  17 orcs
  2 ball pythons
  2 giant cockroaches
  13 goblins
  6 hobgoblins
  6 jackals
  4 quokkas
  5 bats
  4 frilled lizards
  4 kobolds
  A leopard gecko zombie (D:5)
  A quokka zombie (D:7)
  6 rats
172 creatures vanquished.

Vanquished Creatures (others)
  A slave (D:8)
  An orc wizard (D:8)
  2 orcs (D:8)
4 creatures vanquished.

Grand Total: 176 creatures vanquished

Notes
Turn   | Place    | Note
-------+----------+-------------------------------------------
     0 | D:1      | greprep the Troll Fighter began the quest for the Orb.
     0 | D:1      | Reached XP level 1. HP: 22/22 MP: 0/0
    52 | D:1      | Found a shattered altar of Ashenzari.
   121 | D:1      | Became a worshipper of Ashenzari the Shackled
   186 | D:1      | Reached XP level 2. HP: 26/29 MP: 1/1
   688 | D:2      | Reached skill level 2 in Long Blades
   688 | D:2      | Reached XP level 3. HP: 27/36 MP: 2/2
   832 | D:2      | Reached XP level 4. HP: 44/44 MP: 3/3
  1141 | D:2      | Found an opulent altar of Gozag.
  1350 | D:2      | Noticed Jessica
  1355 | D:2      | Killed Jessica
  1380 | D:2      | Reached XP level 5. HP: 44/53 MP: 4/4
  1395 | D:2      | Reached skill level 3 in Long Blades
  1535 | D:2      | Reached * piety under Ashenzari
  2089 | D:3      | Reached XP level 6. HP: 58/61 MP: 5/5
  2177 | D:3      | Found a stormy altar of Qazlal.
  2179 | D:3      | Noticed a fire elemental
  2180 | D:3      | Noticed an air elemental
  2180 | D:3      | Noticed a water elemental
  2253 | D:3      | Found a faded altar of an unknown god.
  2272 | D:3      | Upgraded the game from 0.20.0-1-g1cb1d84 to 0.20.0-4-g10b340a
  2682 | D:4      | Found a shadowy altar of Dithmenos.
  2799 | D:4      | Reached skill level 4 in Long Blades
  2865 | D:4      | Reached XP level 7. HP: 50/67 MP: 6/6
  3019 | D:4      | Found a hazy altar of Hepliaklqana.
  3849 | D:5      | Entered Level 5 of the Dungeon
  3901 | D:5      | Reached skill level 5 in Long Blades
  3912 | D:5      | Found an opulent altar of Gozag.
  4062 | D:5      | Found a shattered altar of Ashenzari.
  4085 | D:5      | Reached ** piety under Ashenzari
  4100 | D:5      | Found a blossoming altar of Fedhas.
  4122 | D:5      | Reached XP level 8. HP: 73/78 MP: 7/7
  4265 | D:5      | Found a staircase to the Ecumenical Temple.
  4687 | D:5      | Found a shimmering altar of Xom.
  4688 | D:5      | Found an ancient bone altar of Kikubaaqudgha.
  4688 | D:5      | Found a glowing silver altar of Zin.
  4691 | D:5      | Found a sacrificial altar of Ru.
  4693 | D:5      | Found a burning altar of Makhleb.
  5996 | D:7      | Reached skill level 6 in Long Blades
  6016 | D:7      | Identified the Tome of Poisoning and Earth
  6184 | D:7      | Reached skill level 5 in Dodging
  6321 | D:8      | Reached *** piety under Ashenzari
  6396 | D:8      | Found an iron altar of Okawaru.
  6402 | D:8      | Noticed Pikel
  6464 | D:8      | Killed Pikel
  6464 | D:8      | Reached skill level 5 in Fighting
  6464 | D:8      | Reached skill level 5 in Shields
  6464 | D:8      | Reached XP level 9. HP: 38/88 MP: 8/8
  6794 | D:8      | Found a staircase to the Lair.
  6835 | D:8      | Reached skill level 7 in Long Blades
  7058 | D:8      | Noticed a two-headed hydra
  7076 | D:8      | Mangled by a seven-headed hydra

Skill      XL: |  1  2  3  4  5  6  7  8  9 |
---------------+----------------------------+-----
Long Blades    | 2 3 4 5 6 7 |  7.7
Fighting       | 3 4 5 6 |  6.0
Dodging        | 3 4 5 |  5.8
Shields        | 3 4 5 |  5.6
Stealth        | |  0.5

Action                   |  1- 3 |  4- 6 |  7- 9 || total
-------------------------+-------+-------+-------++-------
Melee: Long sword        |    77 |   225 |   542 ||   844
Invok: Curse Item        |       |       |     3 ||     3
  Use: Potion            |       |       |     3 ||     3
 Stab: Sleeping          |       |       |     1 ||     1
  Eat: Chunk             |     1 |    14 |    26 ||    41
       Bread ration      |     1 |     2 |     1 ||     4
       Royal jelly       |       |       |     2 ||     2
       Meat ration       |       |       |     1 ||     1
Armor: Robe              |    25 |    57 |   101 ||   183
Dodge: Dodged            |    28 |    85 |   186 ||   299
Block: Shield            |    38 |   113 |   238 ||   389
       Rpst.: Long sword |    10 |    18 |    58 ||    86
